AoeStats
← _Orca_

Arena

506591773Analyzed
4v4 RM · 18d ago on Sep 14, 2026· 47m 39s· 8 players
Game mode
Random Map
Map size
Large (8 player)
Population
200
Speed
Normal
Resources
Standard
Victory
Conquest
Starting age
Dark Age
Ending age
Imperial Age
RankedLock teamsTeams togetherTeam positionsShared explorationLock speedFull tech treeHidden civsTurbo modeCheats
Victory
Defeat
🇭🇰 Poles · Hong Kong SAR China
1300
+16
🇦🇺 Britons · Australia
1271
+17
🇳🇿 Khmer · New Zealand
1258
+18
🇦🇺 Mongols · Australia
1216
+19
🇧🇩 Malians · Bangladesh
1313
-18
🇻🇳 Britons · Vietnam
1296
-18
🇩🇰 Khitans · Denmark
1280
-17
🇩🇰 Turks · Denmark
1278
-17
chaukimwa1991
11:04 Feudal Age
15:21 Castle Age
13:24 Horse Collar
14:09 Double-Bit Axe
14:12 Loom
16:37 Bow Saw
17:05 Heavy Plow
18:54 Wheelbarrow
20:50 Gold Mining
21:23 Stone Mining
21:49 Loom
24:54 Stone Shaft Mining
26:39 Scale Barding Armor
26:44 Forging
26:54 Hand Cart
29:57 Imperial Age
28:21 Szlachta Privileges
28:18 Fletching
29:34 Chain Barding Armor
29:49 Iron Casting
29:04 Town Watch
29:44 Husbandry
29:54 Bloodlines
30:09 Cavalier
31:09 Masonry
30:40 Treadmill Crane
32:09 Crop Rotation
34:54 Conscription
35:38 Blast Furnace
35:20 Light Cavalry
36:15 Bodkin Arrow
36:32 Winged Hussar
37:41 Lechitic Legacy
43:06 Capped Ram
46:55 Siege Ram
Rayno
0:27 Loom
10:30 Feudal Age
15:07 Castle Age
13:58 Double-Bit Axe
15:21 Gold Mining
19:41 Wheelbarrow
21:37 Hand Cart
21:44 Town Watch
22:09 Stone Mining
22:32 Bow Saw
29:30 Imperial Age
27:43 Fletching
29:09 Forging
29:05 Scale Barding Armor
30:21 Ballistics
30:10 Husbandry
29:30 Light Cavalry
31:03 Iron Casting
32:28 Chain Barding Armor
33:33 Iron Casting
34:25 Plate Barding Armor
33:47 Crossbowman
35:53 Blast Furnace
35:26 Arbalester
37:26 Bodkin Arrow
38:29 Bracer
42:42 Two-Man Saw
43:26 Gold Shaft Mining
45:32 Conscription
seandesi
10:31 Feudal Age
14:44 Castle Age
12:59 Double-Bit Axe
13:17 Horse Collar
15:56 Bow Saw
21:04 Stone Mining
21:54 Gold Mining
26:42 Imperial Age
25:07 Wheelbarrow
25:58 Gold Shaft Mining
25:58 Stone Shaft Mining
27:10 Husbandry
27:20 Bloodlines
27:59 Scale Barding Armor
28:05 Forging
27:55 Elite Battle Elephant
29:48 Chain Barding Armor
29:49 Tusk Swords
30:36 Iron Casting
31:17 Plate Barding Armor
31:26 Hand Cart
34:18 Blast Furnace
35:04 Conscription
34:36 Heavy Scorpion
35:20 Double Crossbow
36:03 Fletching
36:13 Padded Archer Armor
37:20 Bodkin Arrow
37:41 Leather Archer Armor
38:30 Hoardings
41:43 Bracer
42:14 Ring Archer Armor
44:53 Caravan
Tawny
0:32 Loom
12:14 Feudal Age
16:20 Castle Age
14:27 Double-Bit Axe
14:37 Horse Collar
16:19 Wheelbarrow
17:13 Bow Saw
18:31 Hand Cart
25:18 Ballistics
25:05 Gold Mining
25:11 Stone Mining
26:08 Heavy Plow
26:34 Fletching
27:15 Fortified Wall
27:26 Bodkin Arrow
28:10 Padded Archer Armor
29:09 Gold Shaft Mining
29:09 Stone Shaft Mining
29:22 Stone Shaft Mining
29:03 Masonry
29:07 Murder Holes
30:18 Leather Archer Armor
29:59 Town Watch
33:37 Imperial Age
31:45 Forging
31:41 Scale Barding Armor
31:41 Nomads
31:51 Thumb Ring
31:58 Bloodlines
31:48 Husbandry
31:42 Light Cavalry
33:01 Iron Casting
33:39 Elite Mangudai
34:21 Bracer
35:23 Chemistry
34:51 Parthian Tactics
34:56 Conscription
35:51 Blast Furnace
34:41 Hussar
35:38 Scale Barding Armor
37:30 Hoardings
37:56 Chain Barding Armor
38:07 Caravan
44:24 Drill
44:11 Capped Ram
45:02 Siege Ram
48:18 Siege Engineers
_Orca_
11:07 Feudal Age
14:53 Castle Age
13:13 Double-Bit Axe
13:10 Horse Collar
15:56 Bow Saw
17:40 Loom
19:42 Scale Mail Armor
22:52 Wheelbarrow
23:27 Town Watch
24:57 Forging
26:00 Hand Cart
26:20 Chain Mail Armor
26:10 Squires
26:19 Arson
27:24 Gold Mining
27:25 Stone Mining
27:38 Heavy Plow
28:16 Iron Casting
32:11 Imperial Age
29:54 Fletching
30:38 Bodkin Arrow
31:08 Man-at-Arms
31:09 Pikeman
32:21 Elite Gbeto
33:54 Conscription
35:04 Plate Mail Armor
35:03 Tigui
35:43 Long Swordsman
37:11 Gold Shaft Mining
37:11 Stone Shaft Mining
37:13 Farimba
37:01 Two-Handed Swordsman
37:53 Scale Barding Armor
38:28 Crop Rotation
40:20 Hoardings
40:08 Chain Barding Armor
41:03 Padded Archer Armor
41:38 Plate Barding Armor
42:49 Leather Archer Armor
46:30 Ring Archer Armor
45:44 Treadmill Crane
47:05 Chemistry
46:25 Ballistics
46:02 Murder Holes
46:18 Masonry
46:19 Fortified Wall
46:40 Champion
gianghodd01
10:46 Feudal Age
11:22 Double-Bit Axe
11:20 Horse Collar
17:02 Castle Age
17:18 Wheelbarrow
19:13 Bow Saw
19:05 Heavy Plow
20:01 Hand Cart
22:03 Loom
26:35 Fortified Wall
26:13 Town Watch
28:36 Masonry
29:56 Town Patrol
31:06 Treadmill Crane
31:49 Ballistics
31:23 Gold Mining
31:24 Stone Mining
35:24 Imperial Age
33:26 Fletching
33:25 Pikeman
34:06 Squires
34:04 Bodkin Arrow
34:09 Scale Mail Armor
34:51 Forging
36:16 Chain Mail Armor
35:28 Halberdier
36:36 Bracer
36:54 Padded Archer Armor
37:34 Gold Shaft Mining
38:18 Yeomen
38:55 Conscription
38:35 Warwolf
38:12 Elite Skirmisher
41:17 Leather Archer Armor
42:22 Iron Casting
Doctorbonus
11:20 Feudal Age
12:39 Town Watch
15:49 Castle Age
13:35 Domestication
13:41 Double-Bit Axe
16:59 Bow Saw
17:34 Pastoralism
18:49 Loom
20:54 Wheelbarrow
21:29 Stone Mining
23:14 Stone Shaft Mining
23:34 Hand Cart
24:21 Treadmill Crane
24:58 Gold Mining
25:34 Scale Mail Armor
26:14 Forging
29:53 Imperial Age
28:01 Squires
28:20 Chain Mail Armor
29:16 Iron Casting
28:41 Arson
29:20 Lamellar Armor
29:51 Ballistics
29:43 Masonry
30:31 Coinage
30:17 Fletching
30:15 Pikeman
31:22 Conscription
32:37 Two-Man Saw
32:11 Transhumance
32:18 Elite Liao Dao
34:11 Plate Mail Armor
35:13 Bodkin Arrow
36:11 Bracer
37:38 Chemistry
37:56 Murder Holes
40:21 Siege Engineers
40:28 Fortified Wall
40:48 Padded Archer Armor
41:31 Banking
40:40 Elite Skirmisher
42:23 Leather Archer Armor
43:37 Ring Archer Armor
45:20 Ordo Cavalry
Muff
2:46 Loom
12:21 Feudal Age
16:42 Castle Age
15:18 Gold Mining
15:28 Double-Bit Axe
21:47 Imperial Age
20:44 Bow Saw
24:07 Loom
24:57 Wheelbarrow
29:06 Artillery
29:28 Conscription
29:53 Hand Cart
31:44 Gold Shaft Mining
31:00 Stone Mining
44:13 Fletching
47:19 Two-Man Saw
Connection lost

Rejoining the realm…

Still unreachable

The connection could not be restored.

Session expired

The server has moved on; the page needs a fresh start.